 Dungeon Crawl Stone Soup version 0.31-a0-162-gc4c5a43528 (webtiles) character file.

Game seed: 11323132001793377387

58 qw the Shooter (level 4, -6/28 HPs)
             Began as a Gargoyle Hunter on June 12, 2023.
             Mangled by an iguana (10 damage)
             ... on level 4 of the Dungeon.
             The game lasted 00:00:32 (1135 turns).

qw the Shooter (Gargoyle Hunter)                    Turns: 1135, Time: 00:00:33

Health: -6/28      AC:  9    Str: 15    XL:     4   Next: 2%
Magic:  4/4        EV: 11    Int:  9    God:
Gold:   85         SH:  0    Dex: 15    Spells: 3/3 levels left

rFire   . . .        Y - +0 shortbow
rCold   + . .        (shield currently unavailable)
rNeg    + . .        h - +0 ring mail
rPois   inf          l - +0 helmet
rElec   +            (no cloak)
rCorr   .            (no gloves)
SInv    .            (no boots)
Will    .....        (no amulet)
Stlth   +            g - ring of protection from cold
HPRegen 0.24/turn    (no ring)
MPRegen 0.09/turn

%: no passive effects
@: no status effects
A: sickness immunity, AC +3, negative energy resistance 1, electricity
resistance, torment resistance 1, petrification resistance
a: no special abilities


You were on level 4 of the Dungeon.
You visited 1 branch of the dungeon, and saw 3 of its levels.

You collected 85 gold pieces.


Innate Abilities, Weirdness & Mutations

You are immune to sickness and miasma.
Your stone body is resilient. (AC +3)
You are immune to poison.
You resist negative energy. (rN+)
You are resistant to electric shocks. (rElec)
You are resistant to unholy torment.
You are immune to petrification.


   Skills:
 - Level 3.0 Fighting
 + Level 5.0 Ranged Weapons
 - Level 1.0 Armour
 - Level 1.5 Dodging
 - Level 1.1 Stealth


You had 3 spell levels left.
You didn't know any spells.
Your spell library was empty.

Inventory:

Hand Weapons
 Y - a +0 shortbow (weapon)
Armour
 d - the +4 pair of gloves of Ronnuf {Will+ Dex+3}
   (You found it on level 2 of the Dungeon)

   Dex:       It affects your dexterity (+3).
   Will:      It increases your willpower.
 h - a +0 ring mail (worn)
 l - a +0 helmet (worn)
Jewellery
 g - a ring of protection from cold (left hand)
Scrolls
 a - a scroll of identify
 b - a scroll of teleportation {unknown}
 c - a scroll of fear {unknown}
Potions
 f - a potion of curing {unknown}
 i - 2 potions of enlightenment {unknown}
 j - 2 potions of brilliance {unknown}
 k - a potion of might {unknown}

Dungeon Overview and Level Annotations

Branches:
Dungeon (2/15)

Altars:


Message History

1123 ||| DRINKING potion of heal wounds.
You feel much better. The iguana closely misses you.
You shoot an arrow.
The arrow hits the iguana but does no damage.
The iguana is moderately wounded.
The iguana bites you. The iguana misses you.
You shoot an arrow. The arrow closely misses the iguana.
The iguana closely misses you.
You shoot an arrow.
The arrow hits the iguana but does no damage.
The iguana is moderately wounded.
The iguana bites you!
You shoot an arrow. The arrow barely misses the iguana.
The iguana bites you. The iguana barely misses you.
You shoot an arrow. The arrow hits the iguana.
The iguana is heavily wounded.
The iguana barely misses you.
You shoot an arrow.
The arrow hits the iguana but does no damage.
The iguana is heavily wounded.
The iguana closely misses you.
You shoot an arrow.
The arrow hits the iguana but does no damage.
The iguana is heavily wounded.
The iguana barely misses you.
You shoot an arrow. The arrow barely misses the iguana.
The iguana barely misses you. x2
You shoot an arrow. The arrow closely misses the iguana.
The iguana closely misses you.
You shoot an arrow.
The arrow hits the iguana but does no damage.
The iguana is heavily wounded.
The iguana closely misses you.
You shoot an arrow. The arrow barely misses the iguana.
The iguana closely misses you.
You shoot an arrow. The arrow hits the iguana.
The iguana is heavily wounded.
The iguana closely misses you. The iguana bites you!
You die...

#........#####.#.#
#######..# #.#.#
#..# #.#.# ...#
#.#.# ##.## #.#.#
#.# #.#.# .. #.#
#.#.# .##?###.##
#.#.# ......l@.#
#.#.# .#.......#
##.#.#
#######.####.#..#
#.....###.#
#.####.#.## #.#
##.## #.. #.# ....
..# #.#.#####


You could see an iguana.

Vanquished Creatures
  An adder (D:2)
  2 dart slugs (D:1)
  6 endoplasms
  2 giant cockroaches (D:1)
  3 goblins
  6 hobgoblins (D:1)
  3 jackals (D:1)
  5 kobolds
  2 quokkas (D:1)
  3 ball pythons (D:1)
  A frilled lizard (D:1)
  3 rats
37 creatures vanquished.

Notes
Turn   | Place    | Note
-------+----------+-------------------------------------------
     0 | D:1      | qw the Gargoyle Hunter began the quest for the Orb.
     0 | D:1      | Reached XP level 1. HP: 12/12 MP: 1/1
     0 | D:1      | 0 ||| qw: Version: 0.2-a-29-gc1b59c4
     0 | D:1      | 0 ||| qw: Game counter: 4365
     0 | D:1      | 0 ||| qw: Always use a shield: true
     0 | D:1      | 0 ||| qw: God list: Okawaru
     0 | D:1      | 0 ||| qw: Allow faded altars: false
     0 | D:1      | 0 ||| qw: Do Orc after D:15 true
     0 | D:1      | 0 ||| qw: Do second Lair branch before Depths: true
     0 | D:1      | 0 ||| qw: Lair rune preference: random
     0 | D:1      | 0 ||| qw: Plans: Normal, Zot:1-4, Slime:5, God:TSO, Crypt,
                  | Tomb, Abyss, Pan, Hells, Win
     0 | D:1      | 0 ||| PLANNING D:1-11
   153 | D:1      | Reached XP level 2. HP: 17/17 MP: 2/2
   235 | D:1      | Found a faded altar of an unknown god.
   269 | D:1      | 269 ||| Stepping ~*~*~tactically~*~*~ (water).
   274 | D:1      | Reached XP level 3. HP: 18/21 MP: 3/3
   277 | D:1      | Reached skill level 5 in Ranged Weapons
   578 | D:1      | 578 ||| UPGRADING to +0 ring mail.
   588 | D:1      | 588 ||| DROPPING +0 leather armour.
   589 | D:1      | 589 ||| UPGRADING to +0 helmet.
   594 | D:1      | 594 ||| UPGRADING to ring of protection from cold.
   595 | D:1      | 595 ||| READING 2 scrolls labelled ZUXZUN NATIFASI.
   596 | D:1      | 596 ||| DRINKING 2 metallic red potions.
   597 | D:1      | 597 ||| DROPPING scroll of butterflies.
   635 | D:2      | Reached skill level 1 in Armour
   941 | D:2      | Reached XP level 4. HP: 27/27 MP: 4/4
   955 | D:2      | Reached skill level 3 in Fighting
   981 | D:2      | Identified the +4 pair of gloves of Ronnuf {Will+ Dex+3}
  1065 | D:2      | You fall into a shaft and drop 2 floors!
  1122 | D:4      | HP: 6/28 [iguana (11)]
  1123 | D:4      | 1123 ||| DRINKING potion of heal wounds.
  1127 | D:4      | HP: 2/28 [iguana (3)]
  1135 | D:4      | Mangled by an iguana

Levels and vault maps discovered:
D:1:      heliophobic_arrival_ceremonial_halls, layout_rooms,
          hellmonk_ecumenical_altar_pennies_from_heaven
D:2:      layout_loops_ring, minmay_misc_feat_ornament, kennysheep_path_1
D:4:      layout_loops_ring, gammafunk_temple_overflow_pools,
          amethyst_overflow_temple_binary, uniq_menkaure, uniq_eustachio,
          uniq_ijyb

Skill      XL: |  1  2  3  4 |
---------------+-------------+-----
Ranged Weapons | 5 |  5.0
Armour         | 1 |  1.0
Fighting       | 3 |  3.0
Dodging        | |  1.5
Stealth        | |  1.1

Action                     |  1- 3 |  4- 6 || total
---------------------------+-------+-------++-------
   Fire: Shortbow          |   112 |    33 ||   145
    Use: Potion            |     1 |     1 ||     2
         Scroll            |     1 |       ||     1
 Armour: Leather armour    |    13 |       ||    13
         Ring mail         |     4 |     5 ||     9
  Dodge: Dodged            |    33 |    18 ||    51

Table legend:
 A = Non-vault XP
 B = Vault XP
 C = Vault XP percentage of total XP
 D = Non-vault monster count
 E = Vault monster count
 F = Vault count percentage of total count
                 A         B        C        D         E       F
            +---------+---------+-------+---------+---------+-------
      Total |      84 |       0 |   0.0 |      37 |       0 |   0.0
            +---------+---------+-------+---------+---------+-------
        D:1 |      59 |       0 |   0.0 |      29 |       0 |   0.0
        D:2 |      25 |       0 |   0.0 |       8 |       0 |   0.0
            +---------+---------+-------+---------+---------+-------
